| TOP OF THE 1ST |
|
Duluth-Superior Dukes batting - Pitching for Watertown Bucks : RHP Bob L Gibson
|
|
Pitching: RHP Bob L Gibson
|
|
|
Batting: RHB Scott Loucks
|
0-0: Ground out 1-3 (Groundball, 15S, EV 73.8 MPH)
|
|
Batting: RHB Jim Ferguson
|
0-0: DOUBLE (Line Drive, 89M, EV 106.9 MPH)
|
|
Batting: RHB Ricky Sheetz
|
0-0: Called Strike 0-1: Called Strike 0-2: Foul Ball, location: 2F 0-2: Ball 1-2: Ball 2-2: Foul Ball, location: 2F 2-2: Ball 3-2: Fly out, F9 (Flyball, 9D, EV 100.0 MPH) Runner from 2nd tags up, SAFE at 3rd, no throw by RF
|
|
Batting: LHB Ralph Bryant
|
0-0: Called Strike 0-1: Ground out 4-3 (Groundball, 4M, EV 101.9 MPH)
|
| Top of the 1st over - 0 runs, 1 hit, 0 errors, 1 left on base; Duluth-Superior 0 - Watertown 0 |
| BOTTOM OF THE 1ST |
|
Watertown Bucks batting - Pitching for Duluth-Superior Dukes : RHP Pete Rice
|
|
Pitching: RHP Pete Rice
|
|
|
Batting: LHB Manuel Vigil
|
0-0: Ball 1-0: Called Strike 1-1: Swinging Strike 1-2: Fly out, F8 (Flyball, 78D, EV 85.6 MPH)
|
|
Batting: RHB Richard Plautz
|
0-0: Foul Ball, location: 2F 0-1: Foul Ball, location: 2F 0-2: Ball 1-2: Reached via error on a dropped throw from 1B, E1 (Groundball, 34, EV 88.1 MPH)
|
|
Batting: RHB Randy Hunt
|
0-0: Ball Richard Plautz steals 2nd base (no throw) 1-0: Fly out, F8 (Line Drive, 8RM, EV 97.5 MPH)
|
|
Batting: LHB Greg Guin
|
0-0: SINGLE (Groundball, 6MD, EV 106.9 MPH) Richard Plautz to third Runner from 3rd tries for Home, throw by CF and OUT! 8-2
|
| Bottom of the 1st over - 0 runs, 1 hit, 1 error, 1 left on base; Duluth-Superior 0 - Watertown 0 |
| TOP OF THE 2ND |
|
Duluth-Superior Dukes batting - Pitching for Watertown Bucks : RHP Bob L Gibson
|
|
Batting: RHB Leo Vargas
|
0-0: Called Strike 0-1: Fly out, F8 (Flyball, 8RS, EV 85.6 MPH)
|
|
Batting: SHB Garry Humpston
|
0-0: Swinging Strike 0-1: Fly out, F4 (Popup, 4D, EV 49.4 MPH)
|
|
Batting: RHB Gary Hinson
|
0-0: Fly out, F5 (Popup, 15, EV 80.0 MPH)
|
| Top of the 2nd over - 0 runs, 0 hits, 0 errors, 0 left on base; Duluth-Superior 0 - Watertown 0 |
| BOTTOM OF THE 2ND |
|
Watertown Bucks batting - Pitching for Duluth-Superior Dukes : RHP Pete Rice
|
|
Batting: RHB Eugene Cattane
|
0-0: Called Strike 0-1: Ball 1-1: Fly out, F8 (Flyball, 8LXD, EV 81.3 MPH)
|
|
Batting: LHB Bryan Neal
|
0-0: Ball 1-0: Foul Ball, location: 2F 1-1: Ball 2-1: Ball 3-1: Fly out, F9 (Flyball, 89S, EV 83.1 MPH)
|
|
Batting: RHB Robert Tanzi
|
0-0: Called Strike 0-1: Called Strike 0-2: Ball 1-2: Hit by Pitch
|
|
Batting: SHB Luis Rivera
|
0-0: Called Strike Pickoff Throw by Catcher to First - Error! E2 Robert Tanzi to second 0-1: Called Strike 0-2: Foul Ball, location: 2F 0-2: Foul Ball, location: 2F 0-2: Ball 1-2: Foul Ball, location: 2F 1-2: Foul Ball, location: 2F 1-2: SINGLE (Groundball, 5S, EV 70.0 MPH) (infield hit) Robert Tanzi to third
|
|
Batting: SHB Bruce Hines
|
0-0: Called Strike 0-1: Ball 1-1: Ball 2-1: Swinging Strike 2-2: SINGLE (Line Drive, 78M, EV 110.6 MPH) Robert Tanzi scores Luis Rivera to second Runner from 2nd tries for 3rd, SAFE, throw by CF made to third
|
|
Batting: LHB Manuel Vigil
|
0-0: Called Strike 0-1: Ball 1-1: Foul Ball, location: 2F 1-2: Ball 2-2: Fly out, F8 (Flyball, 78D, EV 103.1 MPH)
|
| Bottom of the 2nd over - 1 run, 2 hits, 1 error, 2 left on base; Duluth-Superior 0 - Watertown 1 |
| TOP OF THE 3RD |
|
Duluth-Superior Dukes batting - Pitching for Watertown Bucks : RHP Bob L Gibson
|
|
Batting: RHB Cecil Whitehead
|
0-0: Ball 1-0: Ball 2-0: Ball 3-0: Foul Ball, location: 2F 3-1: SINGLE (Groundball, 4D, EV 101.9 MPH)
|
|
Batting: RHB Everette Smith
|
0-0: Foul Ball, location: 2F 0-1: Ball 1-1: Foul Ball, location: 2F 1-2: Strikes out looking
|
|
Batting: RHB Scott Loucks
|
0-0: Fly out, F9 (Flyball, 9LM, EV 94.4 MPH)
|
|
Batting: RHB Jim Ferguson
|
0-0: Ball 1-0: Swinging Strike 1-1: Fly out, F8 (Flyball, 78D, EV 82.5 MPH)
|
| Top of the 3rd over - 0 runs, 1 hit, 0 errors, 1 left on base; Duluth-Superior 0 - Watertown 1 |
| BOTTOM OF THE 3RD |
|
Watertown Bucks batting - Pitching for Duluth-Superior Dukes : RHP Pete Rice
|
|
Batting: RHB Richard Plautz
|
0-0: Ball 1-0: Foul Ball, location: 2F 1-1: Ball 2-1: Called Strike 2-2: Fly out, F9 (Flyball, 89M, EV 91.3 MPH)
|
|
Batting: RHB Randy Hunt
|
0-0: Called Strike 0-1: Ball 1-1: Foul Ball, location: 2F 1-2: Foul Ball, location: 2F 1-2: Ball 2-2: SINGLE (Line Drive, 89S, EV 106.3 MPH)
|
|
Batting: LHB Greg Guin
|
0-0: Swinging Strike 0-1: Called Strike 0-2: Strikes out swinging
|
|
Batting: RHB Eugene Cattane
|
0-0: Ball 1-0: Fly out, F9 (Flyball, 9, EV 96.9 MPH)
|
| Bottom of the 3rd over - 0 runs, 1 hit, 0 errors, 1 left on base; Duluth-Superior 0 - Watertown 1 |
| TOP OF THE 4TH |
|
Duluth-Superior Dukes batting - Pitching for Watertown Bucks : RHP Bob L Gibson
|
|
Batting: RHB Ricky Sheetz
|
0-0: Ball 1-0: Ball 2-0: Ball 3-0: Base on Balls
|
|
Batting: LHB Ralph Bryant
|
0-0: Called Strike 0-1: Ball 1-1: Foul Ball, location: 2F 1-2: Fly out, F9 (Flyball, 89M, EV 91.3 MPH)
|
|
Batting: RHB Leo Vargas
|
0-0: Ball 1-0: Ball 2-0: Foul Ball, location: 2F 2-1: SINGLE (Line Drive, 34D, EV 98.1 MPH) Ricky Sheetz to second Runner from 2nd tries for 3rd, SAFE, throw by RF made to third
|
|
Batting: SHB Garry Humpston
|
0-0: Ball 1-0: Ball 2-0: Grounds into double play, 4-6-3 (Groundball, 4, EV 80.6 MPH)
|
| Top of the 4th over - 0 runs, 1 hit, 0 errors, 1 left on base; Duluth-Superior 0 - Watertown 1 |
| BOTTOM OF THE 4TH |
|
Watertown Bucks batting - Pitching for Duluth-Superior Dukes : RHP Pete Rice
|
|
Batting: LHB Bryan Neal
|
0-0: Ball 1-0: Ball 2-0: Ball 3-0: Called Strike 3-1: SOLO HOME RUN (Flyball, 9LD, EV 103.8 MPH), Distance : 357 ft
|
|
Batting: RHB Robert Tanzi
|
0-0: Fly out, F6 (Flyball, 56D, EV 84.4 MPH)
|
|
Batting: SHB Luis Rivera
|
0-0: Fly out, F9 (Flyball, 89D, EV 93.1 MPH)
|
|
Batting: SHB Bruce Hines
|
0-0: Ball 1-0: Ground out 4-3 (Groundball, 4, EV 75.6 MPH)
|
| Bottom of the 4th over - 1 run, 1 hit, 0 errors, 0 left on base; Duluth-Superior 0 - Watertown 2 |
| TOP OF THE 5TH |
|
Duluth-Superior Dukes batting - Pitching for Watertown Bucks : RHP Bob L Gibson
|
|
Batting: RHB Gary Hinson
|
0-0: Ball 1-0: Ground out 4-3 (Groundball, 4, EV 76.9 MPH)
|
|
Batting: RHB Cecil Whitehead
|
0-0: Fly out, F7 (Flyball, 7LM, EV 102.5 MPH)
|
|
Batting: RHB Everette Smith
|
0-0: Ground out 6-3 (Groundball, 56, EV 105.0 MPH)
|
| Top of the 5th over - 0 runs, 0 hits, 0 errors, 0 left on base; Duluth-Superior 0 - Watertown 2 |
| BOTTOM OF THE 5TH |
|
Watertown Bucks batting - Pitching for Duluth-Superior Dukes : RHP Pete Rice
|
|
Batting: LHB Manuel Vigil
|
0-0: Ball 1-0: Fly out, F8 (Flyball, 8LM, EV 91.9 MPH)
|
|
Batting: RHB Richard Plautz
|
0-0: Ball 1-0: Called Strike 1-1: Fly out, F9 (Line Drive, 9, EV 90.6 MPH)
|
|
Batting: RHB Randy Hunt
|
0-0: Called Strike 0-1: Fly out, F6 (Line Drive, 6, EV 65.6 MPH)
|
| Bottom of the 5th over - 0 runs, 0 hits, 0 errors, 0 left on base; Duluth-Superior 0 - Watertown 2 |
| TOP OF THE 6TH |
|
Duluth-Superior Dukes batting - Pitching for Watertown Bucks : RHP Bob L Gibson
|
|
Batting: RHB Scott Loucks
|
0-0: Foul Ball, location: 2F 0-1: SINGLE (Groundball, 6M, EV 88.1 MPH) (infield hit)
|
|
Batting: RHB Jim Ferguson
|
0-0: Ball 1-0: Called Strike 1-1: Ball 2-1: Bunted foul 2-2: DOUBLE (Line Drive, 7LM, EV 110.6 MPH) Scott Loucks to third Runner from 3rd tries for Home, SAFE, no throw by LF
|
|
Batting: RHB Ricky Sheetz
|
0-0: Swinging Strike 0-1: Foul Ball, location: 2F 0-2: Ball 1-2: Ball 2-2: Strikes out swinging
|
|
Batting: LHB Ralph Bryant
|
0-0: Called Strike 0-1: Fly out, F9 (Flyball, 9LM, EV 82.5 MPH)
|
|
Batting: RHB Leo Vargas
|
0-0: Called Strike 0-1: Called Strike 0-2: Foul Ball, location: 2F 0-2: SINGLE (Groundball, 56D, EV 99.4 MPH) Jim Ferguson to third Runner from 3rd tries for Home, SAFE, throw by LF to home
|
|
Batting: SHB Garry Humpston
|
0-0: Foul Ball, location: 2F 0-1: SINGLE (Flyball, 7LS, EV 86.9 MPH) Leo Vargas to second
|
|
Batting: RHB Gary Hinson
|
0-0: Called Strike 0-1: Ball 1-1: Ball 2-1: Swinging Strike 2-2: Ball 3-2: SINGLE (Groundball, 34D, EV 103.8 MPH) Leo Vargas to third Garry Humpston to second Leo Vargas scores Garry Humpston to third
|
|
Batting: RHB Cecil Whitehead
|
0-0: Ball 1-0: Ball 2-0: Called Strike 2-1: Ball 3-1: Foul Ball, location: 2F 3-2: Base on Balls Gary Hinson to second
|
|
Batting: RHB Everette Smith
|
0-0: Ball 1-0: Called Strike 1-1: Called Strike 1-2: Ground out 6-3 (Groundball, 56, EV 100.6 MPH)
|
| Top of the 6th over - 3 runs, 5 hits, 0 errors, 3 left on base; Duluth-Superior 3 - Watertown 2 |
| BOTTOM OF THE 6TH |
|
Watertown Bucks batting - Pitching for Duluth-Superior Dukes : RHP Pete Rice
|
|
Batting: LHB Greg Guin
|
0-0: DOUBLE (Line Drive, 8RXD, EV 99.4 MPH)
|
|
Batting: RHB Eugene Cattane
|
0-0: Swinging Strike 0-1: SINGLE (Groundball, 34S, EV 71.9 MPH) (infield hit) Greg Guin to third
|
|
Batting: LHB Bryan Neal
|
0-0: Ball 1-0: Called Strike 1-1: Ball 2-1: Called Strike Eugene Cattane is caught stealing 2nd base 2-6 2-2: Foul Ball, location: 2F 2-2: Foul Ball, location: 2F 2-2: Ball 3-2: Foul Ball, location: 2F 3-2: Foul Ball, location: 2F 3-2: Foul Ball, location: 2F 3-2: DOUBLE (Flyball, 3D, EV 89.4 MPH) Greg Guin scores
|
|
Batting: RHB Robert Tanzi
|
0-0: Ball 1-0: Foul Ball, location: 2F 1-1: Ball 2-1: Foul Ball, location: 2F 2-2: Strikes out swinging
|
|
Batting: SHB Luis Rivera
|
0-0: Ball 1-0: Ball Wild Pitch! Bryan Neal to third 2-0: SINGLE (Flyball, 89S, EV 90.6 MPH) Bryan Neal scores
|
|
Batting: SHB Bruce Hines
|
0-0: Called Strike Luis Rivera steals 2nd base 0-1: Swinging Strike 0-2: Foul Ball, location: 2F 0-2: Foul Ball, location: 2F 0-2: Strikes out swinging
|
| Bottom of the 6th over - 2 runs, 4 hits, 0 errors, 1 left on base; Duluth-Superior 3 - Watertown 4 |
| TOP OF THE 7TH |
|
Duluth-Superior Dukes batting - Pitching for Watertown Bucks : RHP Bob L Gibson
|
|
Batting: RHB Scott Loucks
|
0-0: Ground out U3 (Groundball, 34S, EV 80.0 MPH)
|
|
Batting: RHB Jim Ferguson
|
0-0: Foul Ball, location: 2F 0-1: SOLO HOME RUN (Flyball, 89XD, EV 112.5 MPH), Distance : 424 ft
|
|
Batting: RHB Ricky Sheetz
|
0-0: Ball 1-0: Ground out 4-3 (Groundball, 34, EV 104.4 MPH)
|
|
Batting: LHB Ralph Bryant
|
0-0: Called Strike 0-1: Ball 1-1: Called Strike 1-2: Ball 2-2: Fly out, F7 (Flyball, 7, EV 96.3 MPH)
|
| Top of the 7th over - 1 run, 1 hit, 0 errors, 0 left on base; Duluth-Superior 4 - Watertown 4 |
| BOTTOM OF THE 7TH |
|
Watertown Bucks batting - Pitching for Duluth-Superior Dukes : RHP Pete Rice
|
|
Batting: LHB Manuel Vigil
|
0-0: Ball 1-0: Called Strike 1-1: Ground out U3 (Groundball, 3S, EV 83.1 MPH)
|
|
Batting: RHB Richard Plautz
|
0-0: Called Strike 0-1: Called Strike 0-2: Ball 1-2: Ground out 6-3 (Groundball, 6S, EV 90.0 MPH)
|
|
Batting: RHB Randy Hunt
|
0-0: Ground out 5-3 (Groundball, 56S, EV 85.6 MPH)
|
| Bottom of the 7th over - 0 runs, 0 hits, 0 errors, 0 left on base; Duluth-Superior 4 - Watertown 4 |
| TOP OF THE 8TH |
|
Duluth-Superior Dukes batting - Pitching for Watertown Bucks : RHP Bob L Gibson
|
|
Batting: RHB Leo Vargas
|
0-0: Ball 1-0: Ground out U3 (Groundball, 3L, EV 92.5 MPH)
|
|
Batting: SHB Garry Humpston
|
0-0: Ball 1-0: Called Strike 1-1: Ball 2-1: Ball 3-1: Base on Balls
|
|
Pitching: RHP Michael Beecroft
|
|
|
Batting: RHB Gary Hinson
|
0-0: Called Strike 0-1: Ball 1-1: Ball 2-1: Foul Ball, location: 2F 2-2: Ball 3-2: Fly out, F8 (Flyball, 78M, EV 79.4 MPH)
|
|
Batting: RHB Cecil Whitehead
|
0-0: DOUBLE (Flyball, 8LXD, EV 96.3 MPH) Garry Humpston to third Runner from 3rd tries for Home, SAFE, throw by CF to trailing runner, SAFE at third!
|
|
Batting: RHB Everette Smith
|
0-0: Called Strike 0-1: Ball 1-1: Called Strike 1-2: Strikes out swinging
|
| Top of the 8th over - 1 run, 1 hit, 0 errors, 1 left on base; Duluth-Superior 5 - Watertown 4 |
| BOTTOM OF THE 8TH |
|
Watertown Bucks batting - Pitching for Duluth-Superior Dukes : RHP Pete Rice
|
|
Batting: LHB Greg Guin
|
0-0: Ground out 3-1 (Groundball, 3D, EV 91.9 MPH)
|
|
Batting: RHB Eugene Cattane
|
0-0: SINGLE (Groundball, 34D, EV 103.8 MPH)
|
|
Batting: LHB Bryan Neal
|
0-0: Ball 1-0: Called Strike 1-1: Ball 2-1: Called Strike 2-2: Ball 3-2: Base on Balls Eugene Cattane to second
|
|
Batting: RHB Robert Tanzi
|
0-0: Ball 1-0: Called Strike 1-1: Called Strike 1-2: Ball 2-2: Fly out, F8 (Flyball, 8LXD, EV 108.8 MPH) Runner from 2nd tags up, SAFE at 3rd, no throw by CF
|
|
Pitching: RHP Kent Johnson
|
|
|
Batting: SHB Luis Rivera
|
0-0: Called Strike 0-1: Fielders Choice at 2nd, 6-4 (Groundball, 6, EV 103.8 MPH)
|
| Bottom of the 8th over - 0 runs, 1 hit, 0 errors, 2 left on base; Duluth-Superior 5 - Watertown 4 |
| TOP OF THE 9TH |
|
Duluth-Superior Dukes batting - Pitching for Watertown Bucks : RHP Michael Beecroft
|
|
Batting: RHB Scott Loucks
|
0-0: Ball 1-0: Ground out 6-3 (Groundball, 6, EV 92.5 MPH)
|
|
Batting: RHB Jim Ferguson
|
0-0: Fly out, F8 (Flyball, 8RD, EV 100.6 MPH)
|
|
Batting: RHB Ricky Sheetz
|
0-0: Called Strike 0-1: Ball 1-1: Swinging Strike 1-2: Ball 2-2: Ball 3-2: Base on Balls
|
|
Batting: LHB Ralph Bryant
|
0-0: Ball 1-0: Ball 2-0: Foul Ball, location: 2F 2-1: Fielders Choice at 2nd, 5-4 (Groundball, 56, EV 86.3 MPH)
|
| Top of the 9th over - 0 runs, 0 hits, 0 errors, 1 left on base; Duluth-Superior 5 - Watertown 4 |
| BOTTOM OF THE 9TH |
|
Watertown Bucks batting - Pitching for Duluth-Superior Dukes : RHP Kent Johnson
|
|
Batting: SHB Bruce Hines
|
0-0: Ball 1-0: Ball 2-0: Ball 3-0: Called Strike 3-1: Base on Balls
|
|
Batting: LHB Manuel Vigil
|
0-0: Ball 1-0: Sac Bunt to 3S - play at first, batter OUT! 3-1 Bruce Hines to second
|
|
Batting: RHB Richard Plautz
|
0-0: Called Strike 0-1: Ball 1-1: Called Strike 1-2: Ground out 1-3 (Groundball, 13S, EV 67.5 MPH) Bruce Hines to third
|
|
Batting: RHB Randy Hunt
|
0-0: Ball 1-0: Ball 2-0: 2-RUN HOME RUN (Flyball, 7D, EV 107.5 MPH), Distance : 357 ft
|
| Bottom of the 9th over - 2 runs, 1 hit, 0 errors, 0 left on base; Duluth-Superior 5 - Watertown 6 |
| GAME OVER ... WATERTOWN DEFEATS DULUTH |
|
Superior, 6 to 5
|
|
|